 Dungeon Crawl Stone Soup version 0.31.0-32-g396128a36d (webtiles) character file.

Game seed: 13475547461583946483

350 atomiclemming the Chopper (level 6, -2/53 HPs)
             Began as a Minotaur Fighter on Apr 4, 2024.
             Was a Follower of Wu Jian.
             Slain by jimmypageman's ghost (6 damage)
             ... on level 3 of the Dungeon.
             The game lasted 00:11:32 (1391 turns).

atomiclemming the Chopper (Minotaur Fighter)        Turns: 1391, Time: 00:11:33

Health: -2/53      AC:  7    Str: 21    XL:     6   Next: 34%
Magic:  5/5        EV: 15    Int:  5    God:    Wu Jian [*.....]
Gold:   58         SH:  4    Dex: 11    Spells: 5/5 levels left

rFire   + . .        a - +0 war axe
rCold   + . .        c - +0 buckler
rNeg    . . .        b - +0 scale mail
rPois   .            (helmet restricted)
rElec   .            j - scarf {rC+ rF+}
rCorr   .            (no gloves)
SInv    .            (no boots)
Will    .....        (no amulet) Stlth
                     i - +5 ring of evasion
HPRegen 0.28/turn    (no ring)
MPRegen 0.09/turn

%: no passive effects
@: no status effects
A: horns 2, retaliatory headbutt
a: Renounce Religion


You were on level 3 of the Dungeon.
You worshipped Wu Jian.
Wu Jian was aware of your devotion.
You visited 1 branch of the dungeon, and saw 3 of its levels.

You collected 58 gold pieces.

Inventory:

Hand Weapons
 a - a +0 war axe (weapon)
Armour
 b - a +0 scale mail (worn)
 c - a +0 buckler (worn)
 j - a scarf of resistance (worn)
Jewellery
 i - a +5 ring of evasion (left hand)
Scrolls
 e - 2 scrolls of identify {unknown}
 g - a scroll of brand weapon {unknown}
 h - a scroll of vulnerability {unknown}
Potions
 d - a potion of might
 f - 2 potions of ambrosia {unknown}


   Skills:
 + Level 4.5 Fighting
 + Level 5.7 Axes
 + Level 5.4 Armour
 + Level 1.5 Dodging
 + Level 4.3 Shields


You had 5 spell levels left.
You didn't know any spells.
Your spell library contained the following spells:

 Spells                   Type           Power      Damage    Failure   Level
 Apportation              Tloc           0%         N/A       86%         1
 Sting                    Conj/Alch      0%         1d3       86%         1
 Jinxbite                 Hex            0%         N/A       94%         2
 Mercury Vapours          Alch/Air       0%         N/A       94%         2
 Olgreb's Toxic Radiance  Alch           0%         N/A       100%        4
 Alistair's Intoxication  Alch           0%         N/A       100%        5


Dungeon Overview and Level Annotations

Branches:
Dungeon (3/15)

Altars:
Wu Jian

Annotations:
D:3 jimmypageman's ghost, amateur MiFi


Innate Abilities, Weirdness & Mutations

You have a pair of horns on your head.
You reflexively headbutt those who attack you in melee.


Message History

You hit jimmypageman's ghost.
Jimmypageman's ghost is lightly damaged.
Jimmypageman's ghost barely misses you.
You hit jimmypageman's ghost but do no damage.
You headbutt jimmypageman's ghost, but do no damage.
Jimmypageman's ghost is lightly damaged.
You block jimmypageman's ghost's attack.
Jimmypageman's ghost hits you!
You hit jimmypageman's ghost.
Jimmypageman's ghost is lightly damaged.
You block jimmypageman's ghost's attack.
You slash jimmypageman's ghost!
Jimmypageman's ghost is moderately damaged.
Jimmypageman's ghost hits you but does no damage.
You slash jimmypageman's ghost!
You headbutt jimmypageman's ghost, but do no damage.
Jimmypageman's ghost is heavily damaged.
Jimmypageman's ghost closely misses you.
You furiously retaliate!
You headbutt jimmypageman's ghost. You slash jimmypageman's ghost!
Your headbutt misses jimmypageman's ghost.
Jimmypageman's ghost is almost destroyed.
Jimmypageman's ghost hits you.
Jimmypageman's ghost closely misses you.
You barely miss jimmypageman's ghost.
Jimmypageman's ghost is almost destroyed.
Jimmypageman's ghost closely misses you.
You hit jimmypageman's ghost but do no damage.
Jimmypageman's ghost is almost destroyed.
Jimmypageman's ghost hits you!
* * * LOW HITPOINT WARNING * * *
You closely miss jimmypageman's ghost.
Your headbutt misses jimmypageman's ghost.
Jimmypageman's ghost is almost destroyed.
Jimmypageman's ghost hits you.
* * * LOW HITPOINT WARNING * * *
You hit jimmypageman's ghost but do no damage.
Jimmypageman's ghost is almost destroyed.
Jimmypageman's ghost hits you.
You die...

#........###.#
..........#
#.#
##.....#####
#.# #..#.#.
#.# ..##.##
#.# # #.#
#.######
#...#.P#
#..@W$8#
#...#.P#
#.###### #.#
#.# #.# #.#
#..


You could see jimmypageman's ghost.

Vanquished Creatures
  Grinder (D:3)
  A bombardier beetle (D:2)
  Natasha (D:2)
  2 adder skeletons (D:2)
  3 adder zombies (D:2)
  3 dart slugs
  2 bat skeletons (D:2)
  A bat zombie (D:2)
  5 endoplasms
  3 giant cockroaches
  3 goblins (D:1)
  3 hobgoblins
  7 jackals
  6 quokkas
  3 ball pythons
  A ball python zombie (D:2)
  4 bats (D:1)
  3 frilled lizards
  4 kobolds
  A quokka skeleton (D:2)
  5 rats
62 creatures vanquished.

Notes
Turn   | Place    | Note
-------+----------+-------------------------------------------
     0 | D:1      | atomiclemming the Minotaur Fighter began the quest for the
                  | Orb.
     0 | D:1      | Reached XP level 1. HP: 19/19 MP: 0/0
    98 | D:1      | Reached XP level 2. HP: 27/27 MP: 1/1
   463 | D:1      | Reached XP level 3. HP: 33/33 MP: 2/2
   940 | D:2      | Reached XP level 4. HP: 9/40 MP: 3/3
  1109 | D:2      | Noticed Natasha
  1118 | D:2      | Killed Natasha
  1122 | D:2      | Found a faded altar of an unknown god.
  1139 | D:2      | Reached skill level 1 in Dodging
  1172 | D:2      | Prayed at the altar of an unknown god.
  1172 | D:2      | Became a worshipper of the Wu Jian Council
  1172 | D:2      | Reached * piety under Wu Jian
  1316 | D:3      | Noticed Grinder
  1325 | D:3      | Reached skill level 5 in Armour
  1329 | D:3      | Reached XP level 5. HP: 39/46 MP: 4/4
  1340 | D:3      | Paralysed by Grinder for 2 turns
  1343 | D:3      | Killed Grinder
  1344 | D:3      | Reached skill level 5 in Axes
  1344 | D:3      | Reached XP level 6. HP: 17/53 MP: 5/5
  1376 | D:3      | Found a runed translucent door.
  1376 | D:3      | Noticed jimmypageman's ghost (amateur MiFi)
  1391 | D:3      | Slain by jimmypageman's ghost

Illustrated notes

Levels and vault maps discovered:
D:1:      ncdulo_lavacross, layout_basic
D:2:      layout_basic, serial_undead, serial_undead_d, serial_undead_b,
          serial_undead_b, serial_undead_d, serial_undead_f, serial_undead_f,
          serial_undead_e, hellmonk_ecumenical_altar_pennies_from_heaven,
          minmay_octomino_j4, uniq_natasha
D:3:      layout_basic, gammafunk_ghost_grave,
          mainiacjoe_sewer_entry_somewhere_in_here_2, kennysheep_small_spiral,
          minmay_between, uniq_grinder, uniq_jessica

Skill      XL: |  1  2  3  4  5 |
---------------+----------------+-----
Fighting       | 4 |  4.5
Armour         | 4 5 |  5.4
Shields        | 4 |  4.3
Axes           | 3 4 5 |  5.7
Dodging        | 1 |  1.5

Action                     |  1- 3 |  4- 6 || total
---------------------------+-------+-------++-------
  Melee: War axe           |    62 |    69 ||   131
         Headbutt          |     6 |     9 ||    15
Ability: Lunge             |       |     2 ||     2
    Use: Potion            |       |     2 ||     2
 Armour: Scale mail        |    64 |    31 ||    95
  Dodge: Dodged            |    43 |    34 ||    77
  Block: Buckler           |    13 |    12 ||    25
